 Dungeon Crawl Stone Soup version 0.25-a0-566-g062765be81 (webtiles) character file.

Game seed: 15566494544162053700, levelgen mode: deterministic

224 Emblim88 the Covert (level 5, 0/27 HPs)
             Began as a Spriggan Monk on Feb 27, 2020.
             Slain by a gnoll (7 damage)
             ... on level 6 of the Dungeon.
             The game lasted 00:09:31 (3769 turns).

Emblim88 the Covert (Spriggan Monk)                 Turns: 3769, Time: 00:09:31

Health: 0/27       AC:  3    Str:  7    XL:     5   Next: 67%
Magic:  6/6        EV: 20    Int: 12    God:
Gold:   134        SH:  0    Dex: 19    Spells: 4/4 levels left

rFire    . . .     SeeInvis +   i - +2 dagger (venom)
rCold    . . .     Gourm    .   (shield restricted)
rNeg     . . .     Faith    .   r - +1 robe
rPois    .         Spirit   .   (helmet restricted)
rElec    .         Reflect  .   (no cloak)
rCorr    .         Harm     .   (gloves unavailable)
MR       .....                  (boots unavailable)
Stlth    ++++......             (no amulet)
HPRegen  0.09/turn              (no ring)
MPRegen  0.10/turn              (no ring)

@: very slightly contaminated, lightly drained, very quick
A: very small, unfitting armour, see invisible, herbivore, speed 3, slow
metabolism 2
a: no special abilities


You were on level 6 of the Dungeon.
You were hungry.

You visited 1 branch of the dungeon, and saw 6 of its levels.

You collected 134 gold pieces.

Inventory:

Hand Weapons
 a - a +0 hunting sling
 i - a +2 dagger of venom (weapon)
 s - a cursed +0 shortbow
Missiles
 f - 107 stones (quivered)
 k - 11 poisoned darts
 u - 20 arrows
 v - 33 sling bullets
Armour
 r - a +1 robe (worn)
Wands
 t - a wand of polymorph (8)
Scrolls
 d - 2 scrolls of remove curse
 e - a scroll of enchant weapon
 j - a scroll of fog
 p - a scroll of fear
Potions
 b - a potion of might {unknown}
 h - a potion of flight {unknown}
 l - a potion of haste {unknown}
 m - a potion of ambrosia {unknown}
 n - 2 potions of lignification {unknown}
 o - a potion of berserk rage {unknown}
 q - 2 potions of curing {unknown}
Comestibles
 c - 3 rations


   Skills:
 - Level 2.4(2.1) Fighting
 - Level 3.2(3.0) Short Blades
 - Level 4.4(4.1) Dodging
 * Level 9.4(9.1) Stealth


You had 4 spell levels left.
You didn't know any spells.
Your spell library contained the following spells:

 Spells                   Type           Power        Failure   Level  Hunger
 Confusing Touch          Hex            #.......     69%         3    ####...
 Gell's Gravitas          Tloc           #.........   69%         3    ####...
 Petrify                  Tmut/Erth      #.......     97%         4    #####..
 Metabolic Englaciation   Hex/Ice        #.........   100%        5    ######.
 Yara's Violent Unravell  Hex/Tmut       #.........   100%        5    ######.


Dungeon Overview and Level Annotations

Branches:
Dungeon (6/15)
 Temple: D:4-7

Altars:
Cheibriados

Annotations:
D:4 Blork the orc
D:5 Eustachio, Menkaure


Innate Abilities, Weirdness & Mutations

You are very small and have problems with some larger weapons.
You are too small for most types of armour.
You have supernaturally acute eyesight. (SInv)
You are a herbivore.
You cover ground extremely quickly.
You need to consume almost no food.


Message History

You hit the gnoll.
The gnoll is moderately wounded.
The gnoll misses you. The gnoll completely misses you.
The wight hits you with a +0 falchion. The wight barely misses you.
The wight closely misses you. The wight hits you with a +0 falchion!
The gnoll barely misses you. The wight completely misses you.
You hit the gnoll.
The gnoll is poisoned.
The gnoll is moderately wounded.
The wight completely misses you. The gnoll hits you but does no damage.
The wight hits you with a +0 falchion.
You feel drained.
You barely miss the gnoll.
The gnoll is moderately wounded.
The gnoll hits you. The gnoll hits you with a +0 whip.
* * * LOW HITPOINT WARNING * * *
The wight closely misses you. The gnoll misses you. The gnoll hits you!
You die...

#.............#
#.†...[...####.
#.........#
#########.........#
#.................#
#.................#
#...zgg.$.#########
#.....g...#
#...zz@...#
###########


You could see 3 wights and 3 gnolls.

Vanquished Creatures
  A crimson imp (D:5)
  A hound (D:4)
  A bullfrog skeleton (D:4)
  A centaur skeleton (D:4)
  An iguana (D:5)
  A gnoll (D:6)
  2 shadow imps
  An ooze (D:1)
  An adder skeleton (D:4)
  A dart slug (D:2)
  A leopard gecko (D:2)
  2 orcs (D:4)
  A ball python (D:1)
  2 giant cockroaches
  4 hobgoblins (D:1)
  3 jackals (D:3)
  6 kobolds (D:1)
  A quokka (D:2)
  5 bats
  A frilled lizard (D:5)
  2 goblins (D:1)
  6 rats
45 creatures vanquished.

Notes
Turn   | Place    | Note
-------+----------+-------------------------------------------
     0 | D:1      | Emblim88 the Spriggan Monk began the quest for the Orb.
     0 | D:1      | Reached XP level 1. HP: 11/11 MP: 2/2
   125 | D:1      | Reached skill level 4 in Stealth
   222 | D:1      | You fall into a shaft and drop 1 floor!
   303 | D:1      | Reached XP level 2. HP: 15/16 MP: 3/3
   966 | D:1      | Reached skill level 5 in Stealth
  1218 | D:1      | Reached XP level 3. HP: 19/19 MP: 4/4
  1670 | D:3      | Reached skill level 6 in Stealth
  2061 | D:4      | Reached XP level 4. HP: 13/23 MP: 5/5
  2267 | D:4      | Reached skill level 7 in Stealth
  2415 | D:4      | Noticed Blork the orc
  2618 | D:4      | Reached skill level 8 in Stealth
  2935 | D:4      | Reached XP level 5. HP: 16/27 MP: 6/6
  3098 | D:5      | Entered Level 5 of the Dungeon
  3196 | D:5      | Noticed Menkaure
  3428 | D:5      | Reached skill level 9 in Stealth
  3440 | D:5      | Found a snail-covered altar of Cheibriados.
  3443 | D:5      | Noticed a centaur
  3635 | D:5      | Noticed Eustachio
  3769 | D:6      | Slain by a gnoll

Levels and vault maps discovered:
D:1:      scummos_arrival_simple_crosswalls, layout_basic
D:2:      layout_rooms
D:3:      layout_basic, first_ration
D:4:      layout_loops_ring, uniq_blork_the_orc
D:5:      layout_gridville, cheibriados_altar_1, uniq_eustachio, uniq_menkaure
D:6:      layout_basic, yredelemnul_forgotten_temple_becter,
          minmay_overflow_temple_star_quad, uniq_crazy_yiuf_cottage, uniq_maggie

Skill      XL: |  1  2  3  4  5 |
---------------+----------------+-----
Stealth        | 4 5 6 8 9 |  9.4
Fighting       | |  2.4
Short Blades   | |  3.2
Dodging        | |  4.4

Action                   |  1- 3 |  4- 6 || total
-------------------------+-------+-------++-------
Melee: Short sword       |   114 |       ||   114
       Dagger            |    32 |    85 ||   117
Throw: Stone             |       |     2 ||     2
  Use: Scroll            |       |     8 ||     8
 Stab: Sleeping          |     4 |     3 ||     7
       Distracted        |     1 |       ||     1
Armor: Robe              |    31 |     5 ||    36
Dodge: Dodged            |   236 |    59 ||   295

Table legend:
 A = Non-vault XP
 B = Vault XP
 C = Vault XP percentage of total XP
 D = Non-vault monster count
 E = Vault monster count
 F = Vault count percentage of total count
                 A         B        C        D         E       F
            +---------+---------+-------+---------+---------+-------
      Total |     321 |       0 |   0.0 |      45 |       0 |   0.0
            +---------+---------+-------+---------+---------+-------
        D:1 |      42 |       0 |   0.0 |      23 |       0 |   0.0
        D:2 |      12 |       0 |   0.0 |       5 |       0 |   0.0
        D:3 |       7 |       0 |   0.0 |       4 |       0 |   0.0
        D:4 |     135 |       0 |   0.0 |       7 |       0 |   0.0
        D:5 |     100 |       0 |   0.0 |       4 |       0 |   0.0
        D:6 |      25 |       0 |   0.0 |       2 |       0 |   0.0
            +---------+---------+-------+---------+---------+-------
